 Dungeon Crawl Stone Soup version 0.29-a0-1023-g6ae1a4a2c7 (webtiles) character file.

Game seed: 11945617449092171764

4120 nucleargodhead the Fighter (level 10, -1/100 HPs)
             Began as a Minotaur Berserker on Aug 11, 2022.
             Was a Priest of Trog.
             Succumbed to a hornet's poison
             ... on level 8 of the Dungeon on Aug 12, 2022.
             The game lasted 00:13:09 (9899 turns).

nucleargodhead the Fighter (Minotaur Berserker)     Turns: 9899, Time: 00:13:09

Health: -1/100     AC:  8    Str: 24    XL:     10   Next: 6%
Magic:  9/9        EV:  8    Int:  4    God:    Trog [***...]
Gold:   472        SH:  0    Dex: 12    Spells: 9/9 levels left

rFire   . . .      SeeInvis .   y - +0 great sword
rCold   . . .      Faith    .   (shield currently unavailable)
rNeg    . . .      Spirit   .   r - +0 chain mail
rPois   .          Reflect  .   (helmet restricted)
rElec   .          Harm     .   (no cloak)
rCorr   .          Rampage  .   (no gloves)
Will    .....                   (no boots)
Stlth   ..........              (no amulet)
HPRegen 0.26/turn               (no ring)
MPRegen 0.11/turn               (no ring)

@: mighty, lethally poisoned (-1 -> -6), on berserk cooldown, slowed, very slow
A: horns 2, retaliatory headbutt
a: Renounce Religion, Berserk, Trog's Hand


You were on level 8 of the Dungeon.
You worshipped Trog.
Trog was most pleased with you.
You visited 1 branch of the dungeon, and saw 8 of its levels.
You also visited: Ossuary.

You collected 472 gold pieces.

Inventory:

Hand Weapons
 a - a +0 falchion
 x - a +3 scimitar
 y - a +0 great sword (weapon)
Armour
 r - a +0 chain mail (worn)
Jewellery
 n - an amulet of regeneration
 w - a ring of positive energy
Wands
 l - a wand of light (9)
 t - a wand of polymorph (8)
 u - a wand of digging (6)
Scrolls
 b - 6 scrolls of identify {unknown}
 g - 2 scrolls of blinking {unknown}
 h - 5 scrolls of teleportation
 i - 3 scrolls of fear {unknown}
 j - 3 scrolls of enchant weapon {unknown}
 k - 2 scrolls of magic mapping {unknown}
 o - a scroll of brand weapon {unknown}
 q - 2 scrolls of butterflies {unknown}
 s - a scroll of noise {unknown}
 A - 3 scrolls of poison {unknown}
 B - a scroll of immolation {unknown}
 C - a scroll of amnesia {unknown}
Potions
 c - 2 potions of lignification {unknown}
 d - 2 potions of haste {unknown}
 e - 3 potions of attraction {unknown}
 f - 3 potions of degeneration {unknown}
 m - 15 potions of curing {unknown}
 p - 4 potions of heal wounds {unknown}
 v - a potion of berserk rage {unknown}
 z - 3 potions of might
 D - a potion of cancellation {unknown}
 E - 2 potions of brilliance {unknown}


   Skills:
 + Level 12.7 Fighting
 + Level 12.7 Long Blades
 - Level 2.4 Armour
 - Level 2.1 Dodging


You had 9 spell levels left.
You didn't know any spells.
Your spell library was empty.

Dungeon Overview and Level Annotations

Branches:
Dungeon (8/15)             Temple (0/1) D:7         Ossuary (visited)
   Lair: D:8-11

Altars:
Vehumet
Wu Jian
Xom
Yredelemnul

Annotations:
D:3 2 transporters, Valamore's ghost, amateur GnWn
D:7 2 transporters, nickcage's ghost, novice SpEn


Innate Abilities, Weirdness & Mutations

You have a pair of horns on your head.
You reflexively headbutt those who attack you in melee.


Message History

You headbutt the killer bee!
You feel the power of Trog in you as your rage grows.
You kill the killer bee!
Trog accepts your kill.
The hornet stings you but does no damage.
You closely miss the hornet.
You feel sick. The hornet stings you!
* * * LOW HITPOINT WARNING * * *
You feel as though you will be slow longer.
The hornet stings you!
* * * LOW HITPOINT WARNING * * *
You feel as though you will be slow longer.
You slice the hornet!! You headbutt the hornet!
The hornet is almost dead.
You feel sick. The hornet stings you!
* * * LOW HITPOINT WARNING * * *
You are more poisoned.
You feel as though you will be slow longer.
You slash the hornet!
You feel the power of Trog in you as your rage grows.
You kill the hornet!
Trog accepts your kill.
You feel the effects of Trog's Hand fading.
You feel very sick.
You feel very sick.
You feel a strong urge to attack something.
You feel very sick.
You are no longer berserk.
You are exhausted.
You feel as though you will be slow longer.
You feel sick.
Unknown command.
Okay, then.
Unknown command.
Your skin stops crawling.
You feel less strong-willed.
* * * LOW HITPOINT WARNING * * *
You feel sick.
There is an open door here.
It was a potion of might.
You feel very mighty all of a sudden.
You die...

#.......#.....#...#
#.......#.....#...#
#.......####.##..## ..##..#
##+#.....### ##.##..## .......
#..#.....# #........ ......
+..#.....# #.......# ..y..
#..+.....# #...8##.# #...
#..#.....#+######..... #...
#..##@#..........#....
..##.yy##.....#...[......#....
........#.....#...............
........†.....#......<....##..
........#.....#..........8#..#
..###..##....## ............#
. ### #....# ...........#
#....# ...........# #....#
...........#


There were no monsters in sight!

Vanquished Creatures
  Pikel (D:6)
  Grinder (D:6)
  A hornet (D:8)
  Edmund (D:6)
  2 black bears (D:4)
  A sky beast (D:5)
  3 ice beasts
  An ogre (D:4)
  A kobold brigand (D:6)
  3 phantoms
  2 bullfrogs
  Blork the orc (D:6)
  3 necrophages
  3 scorpions
  10 wights (D:7)
  5 killer bees (D:8)
  A centaur zombie (Ossuary)
  5 jellies
  6 hounds
  A human zombie (Ossuary)
  5 iguanas
  An orc wizard (D:3)
  4 ogre zombies (Ossuary)
  7 mummies (Ossuary)
  6 gnolls
  7 adders
  A shadow imp (D:6)
  A white imp (D:8)
  2 adder zombies (Ossuary)
  2 worms (D:2)
  5 dart slugs
  16 orcs
  6 endoplasms
  2 giant cockroaches
  A gnoll zombie (Ossuary)
  5 hobgoblins
  3 jackals (D:2)
  13 kobolds
  8 quokkas
  8 ball pythons
  6 bats
  4 frilled lizards
  8 goblins
  3 goblin zombies (Ossuary)
  4 hobgoblin zombies (Ossuary)
  2 kobold zombies (Ossuary)
  An orc zombie (Ossuary)
  4 quokka zombies (Ossuary)
  4 rats
  7 rat zombies (Ossuary)
198 creatures vanquished.

Vanquished Creatures (others)
  3 plants (D:7)
3 creatures vanquished.

Grand Total: 201 creatures vanquished

Notes
Turn   | Place    | Note
-------+----------+-------------------------------------------
     0 | D:1      | nucleargodhead the Minotaur Berserker began the quest for
                  | the Orb.
     0 | D:1      | Reached XP level 1. HP: 19/19 MP: 0/0
   364 | D:1      | Reached XP level 2. HP: 27/27 MP: 1/1
  1029 | D:2      | Reached XP level 3. HP: 23/34 MP: 2/2
  1145 | D:2      | Reached ** piety under Trog
  1811 | D:2      | Found a shimmering altar of Xom.
  2144 | D:3      | Found a transporter.
  2151 | D:3      | Found a transporter.
  2154 | D:3      | Reached XP level 4. HP: 41/41 MP: 3/3
  2157 | D:3      | Reached skill level 5 in Fighting
  2157 | D:3      | Reached skill level 5 in Long Blades
  2181 | D:3      | Noticed Valamore's ghost (amateur GnWn)
  2181 | D:3      | Noticed an ogre
  2184 | D:3      | Noticed an ogre
  2184 | D:3      | Identified the +7 dire flail of Objectivity {spect, rElec}
  2184 | D:3      | Noticed an ogre
  2796 | D:3      | Found a radiant altar of Vehumet.
  2807 | D:3      | Reached XP level 5. HP: 27/48 MP: 4/4
  2942 | D:4      | Noticed a black bear
  2950 | D:4      | Killed a black bear
  2951 | D:4      | Reached XP level 6. HP: 40/58 MP: 5/5
  3403 | D:4      | Reached *** piety under Trog
  3442 | D:4      | Reached XP level 7. HP: 36/66 MP: 6/6
  3703 | D:4      | HP: 3/66 [iguana (8)]
  4105 | D:4      | Found an ornate altar of the Wu Jian Council.
  4460 | D:5      | Entered Level 5 of the Dungeon
  4773 | D:5      | Found a basalt altar of Yredelemnul.
  5177 | D:5      | Reached XP level 8. HP: 72/77 MP: 7/7
  6552 | D:6      | Noticed Blork the orc
  6571 | D:6      | Killed Blork the orc
  6576 | D:6      | Reached skill level 10 in Fighting
  6576 | D:6      | Reached skill level 10 in Long Blades
  6744 | D:6      | Noticed Edmund
  6762 | D:6      | Killed Edmund
  7145 | D:6      | Noticed Grinder
  7146 | D:6      | Paralysed by Grinder for 2 turns
  7151 | D:6      | Killed Grinder
  7152 | D:6      | Reached XP level 9. HP: 86/86 MP: 8/8
  7363 | D:6      | Noticed Pikel
  7376 | D:6      | Killed Pikel
  8040 | D:7      | Found a staircase to the Ecumenical Temple.
  8179 | D:7      | Found a transporter.
  8185 | D:7      | Noticed nickcage's ghost (novice SpEn)
  8198 | D:7      | Found a transporter.
  8953 | D:7      | Noticed a moth of wrath
  9126 | D:8      | Found a sand-covered staircase.
  9135 | Ossuary  | Entered an ossuary
  9888 | D:8      | Reached XP level 10. HP: 83/100 MP: 9/9
  9895 | D:8      | HP: 6/150 [poisoned by a hornet]
  9897 | D:8      | HP: 2/100 [poisoned by a hornet]
  9899 | D:8      | Succumbed to a hornet's poison

Illustrated notes

Levels and vault maps discovered:
D:1:      wander_arrival_peaceful_grave, layout_loops_cross
D:2:      layout_loops_ring, basic_altar
D:3:      layout_rooms, marbit_many_paths, gammafunk_ghost_smash, minmay_puff
D:4:      layout_loops_ring, mainiacjoe_overflow_chevrons
D:5:      layout_basic, mainiacjoe_overflow_24_doors
D:6:      layout_layer_cave, uniq_grinder, uniq_pikel, uniq_blork_the_orc,
          uniq_edmund
D:7:      layout_gridville, minmay_temple_entry_overgrown,
          gammafunk_ghost_berserking_beasts
D:8:      layout_gridville, ashenzari_altar_1,
          lightli_ossuary_entry_decrepit_ruins

Skill      XL: |  1  2  3  4  5  6  7  8  9 |
---------------+----------------------------+-----
Fighting       | 4 5 6 7 8 10 12 | 12.7
Long Blades    | 4 5 6 7 8 10 12 | 12.7
Armour         | |  2.4
Dodging        | |  2.1

Action                   |  1- 3 |  4- 6 |  7- 9 | 10-12 || total
-------------------------+-------+-------+-------+-------++-------
Melee: Falchion          |    90 |   102 |   279 |       ||   471
       Headbutt          |    19 |    16 |    81 |     2 ||   118
       Punch             |       |     2 |    10 |       ||    12
       Great sword       |       |       |    92 |     7 ||    99
Invok: Berserk           |       |     3 |    13 |       ||    16
       Trog's Hand       |       |     2 |     5 |       ||     7
  Use: Scroll            |       |       |     1 |       ||     1
       Potion            |       |       |       |     1 ||     1
 Stab: Sleeping          |     1 |       |       |       ||     1
Armor: Animal skin       |     8 |       |       |       ||     8
       Ring mail         |     1 |    42 |       |       ||    43
       Chain mail        |       |     9 |   112 |     2 ||   123
Dodge: Dodged            |    76 |    62 |    99 |     4 ||   241

Table legend: (Time is in decaauts)
 A = Elapsed time spent in this place.
 B = Non-inter-level travel time spent in this place.
 C = Inter-level travel time spent in this place.
 D = Time resting spent in this place.
 E = Time spent auto-exploring this place.
 F = Levels seen in this place.
 G = Mean time per level.
                   A        B        C        D        E       F      G
               +--------+--------+--------+--------+--------+-----+--------+
         Total |  10017 |   9772 |    245 |   2075 |   6263 |   9 | 1113.0 |
       Dungeon |   9367 |   9122 |    245 |   2075 |   5762 |   8 | 1170.9 |
       Ossuary |    649 |    649 |      0 |      0 |    501 |   1 |  649.0 |
               +--------+--------+--------+--------+--------+-----+--------+

Top non-repeatable levels by time:
     D:5: 1821 daAuts
     D:6: 1664 daAuts
     D:4: 1575 daAuts
     D:2: 1419 daAuts
     D:7: 1216 daAuts
     D:3: 830 daAuts
     D:1: 695 daAuts
 Ossuary: 649 daAuts
     D:8: 143 daAuts
